 Dungeon Crawl Stone Soup version 0.18-a0-1718-g40ea4b6 (webtiles) character file.

115768 dvd the Blocker (level 17, -10/137 HPs)
             Began as a Formicid Abyssal Knight on Apr 7, 2016.
             Was a High Priest of Lugonu.
             Hit by a tomahawk thrown by a merfolk (17 damage)
             ... on level 1 of the Shoals on Apr 8, 2016.
             The game lasted 02:38:46 (38893 turns).

dvd the Blocker (Formicid Abyssal Knight)          Turns: 38893, Time: 02:38:48

Health: -10/137    AC: 25    Str: 29    XL:     17   Next: 24%
Magic:  6/31       EV: 20    Int: 16    God:    Lugonu [*****.]
Gold:   1554       SH: 16    Dex: 26    Spells: 4 memorised, 17 levels left

rFire  + + .     SeeInvis +     a - +9 quarterstaff (chaos)
rCold  + . .     Gourm    .     s - +5 scale mail of the Special Gods {Str+5 Int-2 Stlth+}
rNeg   . . .     Faith    .     b - +0 shield of the Ladybird {-Tele rC- MP+9 Dex+9}
rPois  +         Spirit   .     (helmet unavailable)
rElec  +         Dismiss  +     X - +2 cloak of the Beekeeper {rC+ Int+4 Dex+4}
rCorr  +         Reflect  .     T - +1 pair of gloves
SustAt .         Harm     .     F - +2 pair of boots
MR     +....                    h - amulet of dismissal
Stlth  +++++.....               W - +5 ring of strength
                                d - ring of protection from fire

@: resistant, manticore barbs, regenerating, somewhat resistant to hostile
enchantments, quite stealthy
A: permanent stasis, dig shafts and tunnels, four strong arms, antennae 3, slimy
green scales 1, blurry vision 1, sense surroundings 1
a: Dig, Shaft Self, Depart the Abyss, Bend Space, Banish, Corrupt, Enter the
Abyss, Renounce Religion


You were on level 1 of the Shoals.
You worshipped Lugonu.
Lugonu was extremely pleased with you.
You were near starving.

You visited 7 branches of the dungeon, and saw 29 of its levels.
You visited the Abyss 1 time.
You visited 1 bazaar.
You also visited: Labyrinth and Ice Cave.

You collected 3061 gold pieces.
You spent 1507 gold pieces at shops.

Inventory:

Hand Weapons
 a - a +9 quarterstaff of chaos (weapon)
 x - the +9 dagger of Zajumox {drain, rN+ Int+2}
   (You found it in a labyrinth)

   A truly terrible weapon, it drains the life of those it strikes.
   It affects your intelligence (+2).
   It protects you from negative energy.
 z - the +3 quarterstaff "Haapt" {freeze, Dex+4}
   (You found it in a labyrinth)

   It has been specially enchanted to freeze those struck by it, causing extra
   injury to most foes and up to half again as much damage against particularly
   susceptible opponents.
   It can also slow down cold-blooded creatures.
   It affects your dexterity (+4).
 J - the +1 rapier of Trauma {freeze, rElec MR- Dex+4 SInv}
   (You found it on level 4 of the Lair of Beasts)

   It has been specially enchanted to freeze those struck by it, causing extra
   injury to most foes and up to half again as much damage against particularly
   susceptible opponents.
   It can also slow down cold-blooded creatures.
   It affects your dexterity (+4).
   It insulates you from electricity.
   It affects your resistance to hostile enchantments.
   It lets you see invisible.
 Z - a +2 demon whip of electrocution
Missiles
 i - 2 javelins of returning (quivered)
 y - 14 tomahawks
 N - 4 steel tomahawks
Armour
 b - the +0 shield of the Ladybird (worn) {-Tele rC- MP+9 Dex+9}
   (You found it on level 5 of the Lair of Beasts)

   It affects your dexterity (+9).
   It makes you vulnerable to cold.
   It affects your magic capacity (+9).
   It prevents most forms of teleportation.
 n - a +0 robe of resistance
 s - the +5 scale mail of the Special Gods (worn) {Str+5 Int-2 Stlth+}
   (You found it on level 2 of the Lair of Beasts)

   It affects your strength (+5).
   It affects your intelligence (-2).
   It makes you more stealthy.
 D - the +2 scale mail of Noon {rC++ MR-}
   (You found it on level 4 of the Dungeon)

   It greatly protects you from cold.
   It affects your resistance to hostile enchantments.
 F - a +2 pair of boots (worn)
 M - a +2 chain mail of fire resistance
 P - the +5 chain mail of the Okapi {rPois MP+9 Int-4 Slay-2}
   (You bought it in a shop on level 2 of the Orcish Mines)

   It affects your intelligence (-4).
   It affects your accuracy and damage with ranged weapons and melee attacks
   (-2).
   It protects you from poison.
   It affects your magic capacity (+9).
 T - a +1 pair of gloves (worn)
 X - the +2 cloak of the Beekeeper (worn) {rC+ Int+4 Dex+4}
   (You bought it in a shop on level 2 of the Orcish Mines)

   It affects your intelligence (+4).
   It affects your dexterity (+4).
   It protects you from cold.
Rods
 L - a +4 iron rod (9/9)
   (You found it on level 4 of the Lair of Beasts)
Jewellery
 d - a ring of protection from fire (left hand)
 h - an amulet of dismissal (around neck)
 j - an uncursed ring of flight
 k - an uncursed ring of resist corrosion
 r - a +1 ring of protection {unknown}
 I - an uncursed ring of positive energy
 W - a +5 ring of strength (right hand)
Wands
 l - a wand of iceblast (8/15)
 v - a wand of iceblast (11/15)
 w - a wand of acid (6/15)
 B - a wand of iceblast (9/15)
 C - a wand of acid (8/15)
 O - a wand of lightning (8/15)
Scrolls
 f - 5 scrolls of fog
 g - 5 scrolls of recharging
 t - a scroll of brand weapon
 u - 7 scrolls of remove curse
 A - 13 scrolls of identify
 G - 6 scrolls of amnesia
 V - 3 scrolls of enchant weapon
Potions
 e - 4 potions of flight
 o - 4 potions of cure mutation
 q - 5 potions of brilliance
 H - 4 potions of resistance
 K - 7 potions of curing
 Y - a potion of magic
Books
 p - a book of Necromancy

   Spells                             Type                      Level
   a - Pain                           Necromancy                   1
   b - Animate Skeleton               Necromancy                   1
   c - Vampiric Draining              Necromancy                   3
   d - Regeneration                   Charms/Necromancy            3
   e - Animate Dead                   Necromancy                   4
   f - Control Undead                 Necromancy                   4
 R - a book of Summonings

   Spells                             Type                      Level
   a - Recall                         Summoning/Translocation      3
   b - Aura of Abjuration             Summoning                    5
   c - Summon Demon                   Summoning                    5
   d - Summon Forest                  Summoning/Translocation      5
   e - Summon Mana Viper              Hexes/Summoning              5
   f - Shadow Creatures               Summoning                    6
Comestibles
 c - 6 bread rations
 m - 12 meat rations
 E - 31 fruits
 U - 10 royal jellies


   Skills:
 + Level 13.3 Fighting
 + Level 3.5(9.6) Maces & Flails
 + Level 13.4(13.6) Staves
 + Level 5.9 Throwing
 + Level 11.7 Armour
 + Level 9.6 Dodging
 + Level 10.8 Stealth
 + Level 13.9 Shields
 + Level 3.6 Spellcasting
 + Level 2.3 Hexes
 + Level 2.9 Charms
 + Level 3.2 Necromancy
 + Level 2.0 Earth Magic
 + Level 7.6 Invocations
 + Level 1.6 Evocations


You had 17 spell levels left.
You knew the following spells:

 Your Spells              Type           Power        Failure   Level  Hunger
a - Sandblast             Erth           #.....       17%         1    None
b - Corona                Hex            ##.....      14%         1    None
c - Pain                  Necr           ##..         10%         1    None
d - Regeneration          Chrm/Necr      ##........   34%         3    ###....


Dungeon Overview and Level Annotations

Branches:
Dungeon (14/15)            Temple (1/1) D:6            Lair (8/8) D:8
 Shoals (1/4) Lair:4        Snake (2/4) Lair:5        Slime (1/6) Lair:7
    Orc (2/2) D:12            Elf (0/3) Orc:2        Vaults (0/5) D:14

Altars:
Ashenzari
Cheibriados
Dithmenos
Elyvilon
Fedhas
Gozag
Kikubaaqudgha
Makhleb
Nemelex Xobeh
Okawaru
Pakellas
Qazlal
Ru
Sif Muna
Trog
Vehumet
Xom
Yredelemnul
Zin
The Shining One
Beogh

Shops:
D:4 *   D:10 *   D:11 *   Orc:2 (:[*

Annotations:
Lair:1 Gastronok
Snake:2 Vashnia
Abyss:1 Dowan, Erolcha


Innate Abilities, Weirdness & Mutations

You are under a permanent stasis effect.
You can dig through walls and to a lower floor.
Your four strong arms can wield two-handed weapons with a shield.
You have a pair of large antennae on your head (SInv).
You are partially covered in slimy green scales (AC +2).
Scrolls take you a little longer to read.
You passively map a small area around you.


Message History

The air twists around and strikes you!
* * * LOW HITPOINT WARNING * * *
The merfolk avatar chants its luring song.
Your unstable footing causes you to fumble your attack.
You block the merfolk's attack. The sea snake bites you.
* * * LOW HITPOINT WARNING * * *
Unknown command.
Your unstable footing causes you to fumble your attack.
The merfolk avatar chants its luring song.
The wind drake barely misses you.
Drink which item? (? for menu, Esc to quit)
Okay, then.
Unknown command.
Space bends sharply around you!
The wind drake blinks!
The sea snake blinks!
You blink.
* * * LOW HITPOINT WARNING * * *
You feel slightly more hungry.
You break out of your daze!
The merfolk throws a tomahawk.
The tomahawk hits you!
You die...

≈≈≈≈≈≈≈≈≈≈≈≈≈≈≈≈≈≈
≈≈≈≈≈≈≈≈≈≈≈≈≈≈≈≈≈≈≈≈≈≈
≈≈≈≈≈≈≈≈≈≈≈≈≈≈≈≈≈≈≈≈≈≈
≈≈≈≈≈≈≈≈≈≈≈≈≈≈≈≈≈≈≈≈≈≈
≈≈≈≈..≈≈≈≈≈≈≈≈≈≈≈≈≈≈≈≈
≈≈.....≈≈≈≈≈§≈m≈≈≈≈≈≈≈ ≈
...≈.....≈≈§§≈≈≈≈≈≈≈≈≈≈
≈
≈...........m≈≈≈≈≈≈≈≈≈≈
.......@.....≈≈≈k.≈≈≈≈≈
≈
≈....###...≈≈≈≈≈...≈≈≈≈≈
≈ ≈... ##.S....≈...≈≈≈≈≈
. * *,.≈≈......≈≈≈≈...≈
, , , .≈≈≈≈.......≈....
, , ...≈≈≈≈....≈...# ,,
...≈≈≈.....≈≈≈.### , ,
#.....##..≈≈≈....
#....≈.##.≈≈≈....


You could see a merfolk avatar, a sea snake and a merfolk.

Vanquished Creatures
  Rupert (Lair:4)
  A greater naga (Snake:2)
  Maud (Lair:4)
  Azrael (D:12)
  5 dire elephants (Lair:8)
  Harold (Orc:1)
  3 hydras
  A merfolk aquamancer (Shoals:1)
  A merfolk avatar (Shoals:1)
  A catoblepas (Lair:3)
  4 naga warriors
  3 centaur warriors
  3 anacondas
  2 dancing weapons (D:14)
  4 death yaks (Lair:8)
  A queen ant (Lair:5)
  Urug (Lair:4)
  9 naga sharpshooters
  Sonja (D:12)
  2 orc high priests (Orc:2)
  4 unseen horrors
  A skeletal warrior (D:14)
  4 hill giants
  3 naga ritualists
  2 orc knights (Orc:2)
  9 mana vipers
  5 ugly things
  2 griffons
  A hornet (D:12)
  6 orc sorcerers
  A salamander (Lair:4)
  2 cyclopes
  A manticore (D:9)
  A centaur zombie (D:12)
  21 black mambas
  5 naga magi
  21 elephants
  2 ice statues (IceCv)
  Psyche (D:12)
  A gargoyle (D:12)
  16 spiny frogs
  3 centaur skeletons
  3 rime drakes
  4 komodo dragons
  A freezing wraith (D:14)
  2 minotaur zombies (Lab)
  A polar bear (Lair:5)
  5 trolls
  3 two-headed ogres
  17 blink frogs
  A boulder beetle (Lair:8)
  6 slime creatures
  34 yaks
  A centaur simulacrum (D:12)
  2 wraiths
  2 shadows
  3 water elementals (Shoals:1)
  2 fire bats (Lair:4)
  3 fire elementals (D:12)
  The ghost of dvd the Skirmisher, an amateur FoAK of Lugonu (D:7)
  A basilisk (D:14)
  5 hippogriffs
  A hungry ghost (D:11)
  2 insubstantial wisps (Lair:2)
  6 vampire mosquitoes
  3 wargs (D:12)
  8 soldier ants
  17 nagas
  10 porcupines
  18 water moccasins
  11 ice beasts
  Duvessa (D:7)
  2 hell hounds (D:8)
  3 sky beasts
  A black bear (D:12)
  30 orc warriors
  A phantom (D:14)
  2 eyes of draining
  A necrophage (D:8)
  A wasp (D:12)
  13 ogres
  A wolf (shapeshifter) (D:9)
  12 centaurs
  11 crocodiles
  Blork the orc (D:6)
  21 giant frogs
  A big kobold (D:8)
  6 jellies
  A wyvern zombie (D:12)
  2 wyvern skeletons
  7 scorpions
  14 killer bees
  3 wights (D:9)
  A howler monkey (D:8)
  14 crimson imps
  A giant frog zombie (D:12)
  2 quasits
  7 hounds
  Crazy Yiuf (D:2)
  26 orc priests
  2 giant frog skeletons
  14 iguanas
  Terence (D:2)
  37 orc wizards
  31 worker ants
  A killer bee zombie (D:10)
  16 sheep
  3 hound zombies
  4 hound skeletons
  A gnoll (shapeshifter) (D:8)
  4 gnolls (D:4)
  55 river rats
  A worker ant zombie (D:9)
  15 adders
  A howler monkey skeleton (D:9)
  4 shadow imps
  13 white imps
  10 oozes
  An adder skeleton (D:4)
  2 adder zombies
  2 worms
  2 dart slugs
  7 giant geckos
  106 orcs
  6 bats
  5 giant cockroaches
  10 hobgoblins
  16 jackals
  2 quokkas
  A ball python (D:7)
  A giant gecko skeleton (D:4)
  6 giant newts
  7 goblins
  16 kobolds
  A quokka zombie (D:8)
  11 rats
  3 fungi
  3 plants
939 creatures vanquished.

Vanquished Creatures (collateral kills)
  2 yaks (Lair:2)
  An iguana (Lair:2)
  An orc wizard (Orc:1)
  A plant (Lair:2)
5 creatures vanquished.

Vanquished Creatures (others)
  An orc warlord (Orc:2)
  An ettin (Orc:1)
  A death knight (D:14)
  A shock serpent (Snake:1)
  An orc high priest (Orc:2)
  A slime creature (D:14)
  A sea snake (Shoals:1)
  An orc knight (Orc:2)
  A spiny frog (Lair:2)
  A troll (D:9)
  A boulder beetle (Lair:7)
  A wyvern (D:8)
  A soldier ant (Lair:5)
  A sky beast (D:6)
  3 orc warriors
  A phantom (D:9)
  A crocodile (D:4)
  An electric eel (Lair:8)
  2 orc priests (Orc:2)
  A worker ant (Lair:5)
  4 sheep (D:6)
  2 river rats (Lair:7)
  An orc (Orc:2)
  2 bushes (Lair:8)
  19 fungi
  18 plants
69 creatures vanquished.

Grand Total: 1013 creatures vanquished

Notes
Turn   | Place    | Note
--------------------------------------------------------------
     0 | Abyss:1  | dvd the Formicid Abyssal Knight began the quest for the Orb.
     0 | Abyss:1  | Reached XP level 1. HP: 18/18 MP: 2/2
     8 | D:1      | Escaped the Abyss
   204 | D:1      | Reached XP level 2. HP: 20/24 MP: 3/3
   318 | D:1      | Reached skill level 1 in Dodging
   788 | D:1      | Reached XP level 3. HP: 24/29 MP: 4/4
   988 | D:1      | Reached ** piety under Lugonu
  1498 | D:2      | Reached XP level 4. HP: 37/37 MP: 5/5
  1730 | D:2      | Noticed Terence
  1755 | D:2      | Killed Terence
  2034 | D:2      | Reached XP level 5. HP: 42/42 MP: 6/6
  2190 | D:2      | Noticed Crazy Yiuf
  2200 | D:2      | Killed Crazy Yiuf
  2537 | D:3      | Found a faded altar to an unknown god.
  2581 | D:3      | Reached XP level 6. HP: 44/49 MP: 7/7
  2588 | D:3      | Reached *** piety under Lugonu
  2799 | D:3      | Reached skill level 1 in Staves
  2908 | D:3      | Reached skill level 5 in Fighting
  3349 | D:4      | Reached XP level 7. HP: 56/56 MP: 8/8
  3428 | D:4      | Found Quceukypn's Assorted Antiques.
  3443 | D:4      | Reached skill level 5 in Armour
  3627 | D:4      | Got a heavily runed scale mail
  3638 | D:4      | Identified the +2 scale mail of Noon {rC++ MR-} (You found it on level 4 of the Dungeon)
  3646 | D:4      | Reached skill level 1 in Shields
  4015 | D:4      | Found a shattered altar of Ashenzari.
  4538 | D:5      | Entered Level 5 of the Dungeon
  4577 | D:5      | Found a stormy altar of Qazlal.
  4577 | D:5      | Found a burning altar of Makhleb.
  4587 | D:5      | Found a sparkling altar of Nemelex Xobeh.
  4687 | D:5      | Reached skill level 1 in Stealth
  4711 | D:5      | Reached **** piety under Lugonu
  4765 | D:5      | Reached XP level 8. HP: 62/62 MP: 9/9
  6166 | D:6      | Found a shimmering altar of Xom.
  6239 | D:6      | Found a staircase to the Ecumenical Temple.
  6243 | Temple   | Entered the Ecumenical Temple
  6368 | D:6      | Reached skill level 1 in Throwing
  6409 | D:6      | Noticed Blork the orc
  6423 | D:6      | Killed Blork the orc
  7247 | D:7      | Reached XP level 9. HP: 59/69 MP: 11/11
  7443 | D:7      | Noticed Duvessa
  7448 | D:7      | Noticed Dowan
  7451 | D:7      | Killed Duvessa
  7452 | D:7      | Noticed dvd's ghost (amateur FoAK)
  7464 | D:7      | Banished Dowan
  7468 | D:7      | Killed dvd's ghost
  7647 | D:7      | Found a basalt altar of Yredelemnul.
  7813 | D:8      | Found a staircase to the Lair.
  7969 | D:8      | Gained mutation: You are partially covered in slimy green scales (AC +2). [potion of mutation]
  7969 | D:8      | Gained mutation: You passively map a small area around you. [potion of mutation]
  7969 | D:8      | Gained mutation: Scrolls take you a little longer to read. [potion of mutation]
  8405 | D:8      | Reached skill level 1 in Evocations
  8761 | D:9      | Reached XP level 10. HP: 32/77 MP: 12/12
  8970 | D:9      | Reached skill level 5 in Staves
  9014 | D:9      | Noticed a centaur warrior
  9124 | D:9      | Reached skill level 5 in Shields
  9132 | D:9      | Killed a centaur warrior
  9132 | D:9      | Reached skill level 5 in Dodging
  9336 | D:9      | Noticed a manticore
  9584 | D:9      | Noticed Erolcha
  9594 | D:9      | Banished Erolcha
  9594 | D:9      | Reached XP level 11. HP: 62/86 MP: 14/14
  9965 | D:9      | Killed a manticore
  9965 | D:9      | Reached skill level 5 in Invocations
  9967 | D:9      | Identified Dispater's Catalogue of the Mountains
  9970 | D:9      | Learned a level 1 spell: Sandblast
 10319 | D:9      | Found a shadowy altar of Dithmenos.
 10865 | Lair:1   | Entered Level 1 of the Lair of Beasts
 10872 | Lair:1   | Noticed Gastronok
 10908 | Lair:1   | Reached ***** piety under Lugonu
 12087 | Lair:1   | Noticed Gastronok
 12087 | Lair:1   | Gastronok changed into Gastronok the hellephant
 12122 | Lair:1   | You fall through a shaft!
 12803 | Lair:2   | Reached skill level 5 in Stealth
 13057 | Lair:2   | Reached XP level 12. HP: 92/95 MP: 16/16
 13277 | Lair:2   | Got a fine scale mail
 13288 | Lair:2   | Identified the +5 scale mail of the Special Gods {Str+5 Int-2 Stlth+} (You found it on level 2 of the Lair of Beasts)
 14518 | Lair:3   | Noticed a catoblepas
 15407 | Lair:3   | Killed a catoblepas
 15407 | Lair:3   | Reached skill level 10 in Fighting
 15641 | Lair:4   | Noticed Maud
 15655 | Lair:4   | Killed Maud
 15768 | Lair:4   | Noticed Rupert
 15784 | Lair:4   | You fall through a shaft for 3 floors!
 16235 | Lair:7   | Reached XP level 13. HP: 97/103 MP: 17/17
 16594 | Lair:7   | Found a staircase to the Slime Pits.
 16913 | Lair:5   | Reached skill level 10 in Armour
 17574 | Lair:5   | Reached ****** piety under Lugonu
 17712 | Lair:5   | Reached skill level 10 in Staves
 17981 | Lair:5   | Got a steaming shield
 17992 | Lair:5   | Identified the cursed +0 shield of the Ladybird {-Tele rC- MP+9 Dex+9} (You found it on level 5 of the Lair of Beasts)
 18003 | Lair:5   | Found a staircase to the Snake Pit.
 18112 | Lair:5   | Reached skill level 10 in Shields
 18536 | Lair:4   | Noticed Urug
 18555 | Lair:4   | Killed Urug
 18717 | Lair:4   | Got an ebony rapier
 18825 | Lair:4   | Identified the cursed +1 rapier of Trauma {freeze, rElec MR- Dex+4 SInv} (You found it on level 4 of the Lair of Beasts)
 18871 | Lair:4   | Found a staircase to the Shoals.
 19345 | D:10     | Entered Level 10 of the Dungeon
 19508 | D:10     | Found Utest's Assorted Antiques.
 20194 | D:10     | Upgraded the game from 0.18-a0-1702-gd20c6a5 to 0.18-a0-1718-g40ea4b6
 20239 | D:11     | Found Roarekh's Assorted Antiques.
 20425 | D:11     | Found a glowing golden altar of the Shining One.
 20477 | D:11     | Reached XP level 14. HP: 113/113 MP: 18/18
 21823 | D:12     | Noticed Azrael
 21858 | D:12     | Killed Azrael
 21927 | D:12     | Noticed Psyche
 21931 | D:12     | Killed Psyche
 21988 | D:12     | Found a staircase to the Orcish Mines.
 22250 | D:12     | Noticed Sonja
 22258 | D:12     | Killed Sonja
 22732 | Orc:1    | Entered Level 1 of the Orcish Mines
 23010 | Orc:1    | Found a frozen archway.
 23120 | IceCv    | Entered an ice cave
 23501 | Orc:1    | Learned a level 1 spell: Corona
 23770 | Orc:1    | Noticed Harold
 23796 | Orc:1    | Killed Harold
 23871 | Orc:1    | Found a roughly hewn altar of Beogh.
 24213 | Orc:2    | Entered Level 2 of the Orcish Mines
 24213 | Orc:2    | Found a staircase to the Elven Halls.
 24781 | Orc:2    | Noticed an orc warlord
 24788 | Orc:2    | Reached skill level 1 in Hexes
 25655 | Orc:2    | Banished an orc warlord
 25873 | Orc:2    | HP: 5/114 [orc priest/divine providence (9)]
 26401 | Orc:2    | Found a gateway to a bazaar.
 26413 | Bazaar   | Entered a bazaar
 26427 | Bazaar   | Found Ruimixkino's Gadget Shop.
 26463 | Bazaar   | Found Tacsel's Gadget Shop.
 26506 | Bazaar   | Found Gaxkamy's Distillery.
 26526 | Bazaar   | Found Ubem's Distillery.
 26534 | Bazaar   | Bought a potion of curing for 30 gold pieces
 26534 | Bazaar   | Bought a potion of heal wounds for 50 gold pieces
 26534 | Bazaar   | Bought a potion of curing for 30 gold pieces
 26534 | Bazaar   | Bought a potion of curing for 30 gold pieces
 26534 | Bazaar   | Bought a potion of heal wounds for 50 gold pieces
 26557 | Bazaar   | Bought 2 potions of resistance for 180 gold pieces
 26557 | Bazaar   | Bought a potion of resistance for 90 gold pieces
 26557 | Bazaar   | Bought a potion of resistance for 90 gold pieces
 26557 | Bazaar   | Bought a potion of cure mutation for 225 gold pieces
 26557 | Bazaar   | Bought a potion of curing for 27 gold pieces
 27037 | Orc:2    | Reached XP level 15. HP: 100/120 MP: 19/19
 27543 | Orc:2    | Found Qaedwublui's General Store.
 27544 | Orc:2    | Found Bylier's Book Emporium.
 27546 | Orc:2    | Found Xonoc's Antique Armour Emporium.
 27546 | Orc:2    | Found Epeateux's Antique Weapon Shoppe.
 27561 | Orc:2    | Bought a pair of embroidered gloves for 135 gold pieces
 27566 | Orc:2    | Bought an encrusted cloak for 285 gold pieces
 27576 | Orc:2    | Identified the +2 cloak of the Beekeeper {rC+ Int+4 Dex+4} (You bought it in a shop on level 2 of the Orcish Mines)
 27583 | Orc:2    | Bought a distressingly furry chain mail for 285 gold pieces
 27593 | Orc:2    | Identified the +5 chain mail of the Okapi {rPois MP+9 Int-4 Slay-2} (You bought it in a shop on level 2 of the Orcish Mines)
 28057 | Lair:4   | Killed Rupert
 28112 | Snake:1  | Entered Level 1 of the Snake Pit
 29031 | Snake:1  | Reached skill level 5 in Throwing
 30993 | Slime:1  | Entered Level 1 of the Pits of Slime
 30993 | Slime:1  | Noticed an azure jelly
 31629 | Lair:7   | Reached skill level 10 in Stealth
 31629 | Lair:7   | Reached skill level 1 in Earth Magic
 31998 | Lair:8   | Entered Level 8 of the Lair of Beasts
 32302 | Lair:8   | Reached XP level 16. HP: 125/129 MP: 21/21
 32987 | Lair:8   | Learned a level 1 spell: Pain
 33556 | Lair:8   | Reached skill level 1 in Necromancy
 34128 | Snake:2  | Noticed a greater naga
 34149 | Snake:2  | Killed a greater naga
 34174 | Snake:2  | Learned a level 3 spell: Regeneration
 34205 | Snake:2  | Reached skill level 1 in Spellcasting
 34571 | Snake:2  | Reached skill level 1 in Charms
 34863 | Snake:2  | Noticed Vashnia
 34882 | Snake:2  | HP: 3/130 [naga sharpshooter/arrow[Vashnia] (8)]
 35940 | D:13     | Found a shimmering altar of Xom.
 36495 | D:14     | Reached XP level 17. HP: 129/137 MP: 22/22
 36612 | D:14     | Found a gate to the Vaults.
 36646 | D:14     | Found a labyrinth entrance.
 36658 | Lab      | Entered a labyrinth
 37580 | Lab      | Got a pitted long sword
 37580 | Lab      | Got a pitted quarterstaff
 37581 | Lab      | Identified the +3 quarterstaff "Haapt" {freeze, Dex+4} (You found it in a labyrinth)
 37582 | Lab      | Identified the +2 long sword "Orghic" {antimagic, rF- Int+7} (You found it in a labyrinth)
 37615 | Lab      | Identified a +0 rod of inaccuracy (11/11) (You found it in a labyrinth)
 37619 | Lab      | Got a fine dagger
 37620 | Lab      | Identified the +9 dagger of Zajumox {drain, rN+ Int+2} (You found it in a labyrinth)
 38788 | Shoals:1 | Entered Level 1 of the Shoals
 38893 | Shoals:1 | HP: 5/137 [spatial distortion (3)]
 38893 | Shoals:1 | Hit by a tomahawk thrown by a merfolk

Vault maps used:
D:1:      dpeg_arrival_simpleton_c, serial_bayou_pond_e
D:2:      minmay_kobold_bridge, hangedman_decor_clover_reticule,
          uniq_crazy_yiuf_cottage, uniq_terence
D:3:      ecumenical_altar_2
D:4:      serial_shops, nicolae_shop_crystal, dk_vineyard_3, ashenzari_altar_1
D:5:      gammafunk_temple_overflow_forgotten, first_bread
D:6:      minmay_temple_entry_glassed_door, kb_xom_exploding_sheep,
          uniq_menkaure, uniq_blork_the_orc
D:7:      marbit_many_paths, uniq_duvessa
D:8:      minmay_lair_entry_lava
D:9:      hangedman_cross_cluster, nicolae_dithmenos_shadow_blocks, uniq_erolcha
D:10:     serial_shops, nicolae_shop_overgrown_old_shop
D:11:     serial_shops, shop, basic_altar
D:12:     four-leaf_vault, minmay_orc_entry_guard_dogs, uniq_azrael,
          uniq_psyche, uniq_sonja
D:13:     basic_altar, hangedman_little_slice_of_home
D:14:     erik_vaults_1, lab_entry_generic, minmay_nine_imps
Temple:   lightli_temple_of_artemis
Lair:1:   uniq_gastronok
Lair:2:   pond
Lair:3:   serial_bayou_pond_a
Lair:4:   elwin_shoals_entry_rocks, lemuel_fruit_fields, uniq_maud, uniq_rupert,
          uniq_urug
Lair:5:   guppyfry_snake_entry_island, zaba_antful_of_joy,
          infiniplex_staircase_pool_2, lemuel_fruit_tree
Lair:7:   nicolae_slime_entry_slimehenge, grunt_megastairs_3
Lair:8:   due_jungle_book, serial_bayou_lagoon_b, grunt_megastairs_2
Snake:2:  uniq_vashnia
Orc:1:    nicolae_orc_accident_2, portal_ice_cave_entry_imps, uniq_harold
Orc:2:    st_orc_congregation, serial_shops, bzr_firewalk
Abyss:1:  hangedman_decor_riveting
Lab:      labyrinth_hidden_loot, labyrinth_skeletal_remains
Bazaar:   dpeg_bazaar_wands
IceCv:    ice_cave_statue_garden_01

Skill      XL: |  1  2  3  4  5  6  7  8  9 10 11 12 13 14 15 16 17 |
---------------+----------------------------------------------------+-----
Dodging        | 1 2 3 4 5 6 7 8 9 |  9.6
Fighting       | 4 5 6 8 9 10 11 12 13 | 13.3
Armour         | 3 4 5 6 7 8 9 10 11 | 11.7
Maces & Flails | 3 |  3.5
Staves         | 1 2 3 4 6 7 9 10 11 12 13 | 13.4
Shields        | 1 2 3 6 7 9 10 11 13 | 13.9
Stealth        | 1 3 4 5 6 8 9 10 | 10.8
Throwing       | 1 2 3 4 5 |  5.9
Invocations    | 3 4 5 6 7 |  7.6
Evocations     | 1 |  1.6
Hexes          | 1 2 |  2.3
Earth Magic    | 1 2 |  2.0
Necromancy     | 2 3 |  3.2
Spellcasting   | 3 |  3.6
Charms         | 2 |  2.9

Action                   |  1- 3 |  4- 6 |  7- 9 | 10-12 | 13-15 | 16-18 || total
-------------------------+-------+-------+-------+-------+-------+-------++-------
Melee: Mace              |   104 |    72 |       |       |       |       ||   176
       Quarterstaff      |       |    96 |   325 |   590 |  1547 |   816 ||  3374
       Staff             |       |       |       |    60 |     6 |       ||    66
Throw: Tomahawk          |       |     2 |    23 |    22 |    19 |       ||    66
       Javelin           |       |       |       |       |   141 |    45 ||   186
 Cast: Sandblast         |       |       |       |       |     1 |       ||     1
       Corona            |       |       |       |       |     4 |     1 ||     5
       Pain              |       |       |       |       |       |     1 ||     1
       Regeneration      |       |       |       |       |       |     3 ||     3
Invok: Banish            |       |       |     7 |     7 |    11 |    17 ||    42
       Bend Space        |       |       |     1 |     1 |     1 |     2 ||     5
 Abil: Dig               |       |       |       |     2 |    13 |    16 ||    31
       Shaft Self        |       |       |       |     2 |       |       ||     2
       Stop Flying       |       |       |       |       |     1 |       ||     1
       Evoke Flight      |       |       |       |       |     1 |       ||     1
Evoke: Wand              |       |       |     2 |       |     6 |     2 ||    10
       Rod               |       |       |       |       |     1 |       ||     1
  Use: Potion            |       |     1 |     9 |     4 |     4 |    10 ||    28
       Scroll            |       |       |    17 |     2 |    12 |     4 ||    35
 Stab: Paralysed         |       |       |     5 |    11 |    10 |     8 ||    34
       Sleeping          |       |       |       |     6 |    16 |     9 ||    31
       Petrifying        |       |       |       |     2 |    14 |    10 ||    26
       Confused          |       |       |       |     1 |     5 |     5 ||    11
       Petrified         |       |       |       |       |     7 |     7 ||    14
       Distracted        |       |       |       |       |     3 |     1 ||     4
  Eat: Chunk             |     2 |     6 |    16 |    27 |    47 |    11 ||   109
       Pizza             |       |       |     1 |       |       |       ||     1
       Royal jelly       |       |       |     1 |       |     1 |       ||     2
       Beef jerky        |       |       |       |       |     3 |     2 ||     5
       Meat ration       |       |       |       |       |     1 |     1 ||     2
       Fruit             |       |       |       |       |       |     4 ||     4
       Bread ration      |       |       |       |       |       |     1 ||     1
